 Dungeon Crawl Stone Soup version 0.25-a0-1007-g10a8c3caa8 (webtiles) character file.

Game seed: 2264907080760745425, levelgen mode: deterministic

45 wullow the Magician (level 3, 0/21 HPs)
             Began as a Demonspawn Wizard on May 11, 2020.
             Succumbed to an adder's poison
             ... on level 3 of the Dungeon.
             The game lasted 00:05:17 (2399 turns).

wullow the Magician (Demonspawn Wizard)             Turns: 2399, Time: 00:05:17

Health: 0/21       AC:  2    Str:  7    XL:     3   Next: 42%
Magic:  2/8        EV: 12    Int: 20    God:
Gold:   100        SH:  0    Dex: 11    Spells: 6/9 levels left

rFire    . . .     SeeInvis .   l - +0 dagger
rCold    + . .     Gourm    .   (no shield)
rNeg     . . .     Faith    .   a - +0 robe
rPois    .         Spirit   .   (helmet restricted)
rElec    .         Reflect  .   (no cloak)
rCorr    .         Harm     .   (no gloves)
MR       .....                  (no boots)
Stlth    ++........             (no amulet)
HPRegen  0.07/turn              (no ring)
MPRegen  0.11/turn              (no ring)

@: mighty, lethally poisoned (0 -> -2), flying, hasted, very quick
A: antennae 1, claws 1, cold resistance 1, frail 1, screaming 1
a: no special abilities


You were on level 3 of the Dungeon.
You were not hungry.

You visited 1 branch of the dungeon, and saw 3 of its levels.

You collected 100 gold pieces.

Inventory:

Hand Weapons
 l - a +0 dagger (weapon)
Missiles
 f - 10 sling bullets
 m - 62 stones (quivered)
 o - 25 bolts
Armour
 a - a +0 robe (worn)
 b - a +0 hat
 k - a +0 helmet
 r - a +2 buckler
Scrolls
 e - 2 scrolls of identify {unknown}
 h - a scroll of enchant armour {unknown}
 i - 2 scrolls of teleportation {unknown}
 j - a scroll of enchant weapon {unknown}
 s - a scroll of remove curse {unknown}
Potions
 c - 2 potions of flight
Comestibles
 d - 3 rations


   Skills:
 - Level 1.7 Dodging
 - Level 1.7 Stealth
 + Level 3.6 Spellcasting
 * Level 2.4 Conjurations
 + Level 1.1 Summonings
   Level 0.8 Translocations


You had 6 spell levels left.
You knew the following spells:

 Your Spells              Type           Power        Failure   Level  Hunger
a - Magic Dart            Conj           ##..         4%          1    None
b - Call Imp              Summ           #.......     13%         2    ##.....

Your spell library contained the following spells:

 Spells                   Type           Power        Failure   Level  Hunger
 Blink                    Tloc           N/A          14%         2    ##.....
 Slow                     Hex            #.......     21%         2    ##.....
 Conjure Flame            Conj/Fire      #.......     24%         3    ###....
 Mephitic Cloud           Conj/Pois/Air  #.......     28%         3    ###....


Dungeon Overview and Level Annotations

Branches:
Dungeon (3/15)

Altars:
Nemelex Xobeh


Innate Abilities, Weirdness & Mutations

You have a pair of small antennae on your head.
You have sharp fingernails.
Your flesh is cold resistant. (rC+)
You are frail. (-10% HP)
You occasionally shout uncontrollably at your foes.


Message History

You feel sick.
* * * LOW HITPOINT WARNING * * *
You feel sick.
Okay, then.
It was a potion of mutation.
You feel extremely strange.
You feel the urge to shout.
You feel frail.
You feel resistant to cold.
It was a potion of haste.
You feel yourself speed up.
It was a potion of might.
You feel very mighty all of a sudden.
* * * LOW HITPOINT WARNING * * *
You feel sick.
It was a potion of flight.
You feel very buoyant.
You fly up into the air.
* * * LOW HITPOINT WARNING * * *
You feel sick.
* * * LOW HITPOINT WARNING * * *
You feel sick.
Your magical contamination has completely faded away.
You die...

###### #.#
.....# #.#
####.# #####.#
#.# #.....#
#.#############
#.#####
#.............#
#.#
#############.#
#.# #.# #.# #@#
#.# #.# #.#
#.#####.#
#......[#
#########


There were no monsters in sight!

Vanquished Creatures
  An adder (D:3)
  A dart slug (D:1)
  A leopard gecko (D:2)
  4 bats
  3 giant cockroaches
  4 goblins
  3 hobgoblins
  2 ball pythons (D:1)
  2 frilled lizards (D:2)
  7 kobolds
  6 rats
34 creatures vanquished.

Notes
Turn   | Place    | Note
-------+----------+-------------------------------------------
     0 | D:1      | wullow the Demonspawn Wizard began the quest for the Orb.
     0 | D:1      | Reached XP level 1. HP: 13/13 MP: 4/4
   434 | D:1      | Gained mutation: You have sharp fingernails. [demonic
                  | ancestry]
   434 | D:1      | Reached XP level 2. HP: 19/19 MP: 4/6
  1729 | D:2      | Found a faded altar of an unknown god.
  1783 | D:2      | Gained mutation: You have a pair of small antennae on your
                  | head. [demonic ancestry]
  1783 | D:2      | Reached XP level 3. HP: 24/24 MP: 6/8
  2254 | D:2      | Learned a level 2 spell: Call Imp
  2263 | D:3      | Found a sparkling altar of Nemelex Xobeh.
  2380 | D:3      | Gained mutation: You occasionally shout uncontrollably at
                  | your foes. [potion of mutation]
  2380 | D:3      | Gained mutation: You are frail. (-10% HP) [potion of
                  | mutation]
  2380 | D:3      | Gained mutation: Your flesh is cold resistant. (rC+)
                  | [potion of mutation]
  2388 | D:3      | HP: 1/21 [poisoned by an adder]
  2394 | D:3      | HP: 1/21 [poisoned by an adder]
  2399 | D:3      | Succumbed to an adder's poison

Illustrated notes

Levels and vault maps discovered:
D:1:      wander_arrival_estate, layout_basic
D:2:      layout_loops_ring, chequers_ecumenical_altar_simple_redux
D:3:      layout_basic, nemelex_xobeh_ov_fountains_minmay,
          hangedman_decor_growths

Skill      XL: |  1  2 |
---------------+-------+-----
Conjurations   | 2 |  2.4
Dodging        | |  1.7
Stealth        | |  1.7
Spellcasting   | |  3.6
Summonings     | |  1.1
Translocations | |  0.8

Action                   || total
-------------------------++-------
Melee: Unarmed           ||     2
       Dagger            ||     9
 Cast: Magic Dart        ||    68
  Use: Potion            ||     4
  Eat: Chunk             ||     4
Armor: Robe              ||     6
Dodge: Dodged            ||    14

Table legend:
 A = Non-vault XP
 B = Vault XP
 C = Vault XP percentage of total XP
 D = Non-vault monster count
 E = Vault monster count
 F = Vault count percentage of total count
                 A         B        C        D         E       F
            +---------+---------+-------+---------+---------+-------
      Total |      65 |       0 |   0.0 |      34 |       0 |   0.0
            +---------+---------+-------+---------+---------+-------
        D:1 |      24 |       0 |   0.0 |      14 |       0 |   0.0
        D:2 |      26 |       0 |   0.0 |      18 |       0 |   0.0
        D:3 |      15 |       0 |   0.0 |       2 |       0 |   0.0
            +---------+---------+-------+---------+---------+-------
